Map: Para Site LE

Players

Yoonmi - Winner!

  • Race: Zerg Zerg
  • League: Master
  • Spawn Location: 5:00

TheMightyOne

  • Race: Terran Terran
  • League: Master
  • Spawn Location: 11:00

VOD

Have the link to the VOD?

Description

Time

  • Played on: Aug. 20, 2018, 7:37 a.m.
  • Length: 8:13
Show
View Real Time Build Order
Export as new Build Order

Yoonmi Zerg - Winner!

Build Orders: Hatch First 

Get SALT Encoding   

  12  0:01  Drone  
  13  0:13  Overlord  
  13  0:17  Drone  
  14  0:31  Drone x2  
  14  0:35  Drone  
  17  0:52  Hatchery  
  17  0:56  Drone  
  17  0:59  Drone  
  18  1:12  Spawning Pool  
  18  1:15  Drone  
  18  1:36  Hatchery  
  18  1:39  Drone  
  18  1:41  Drone  
  18  1:45  Drone  
  20  1:52  Drone  
  21  2:01  Drone  
  21  2:04  Queen  
  24  2:09  Queen  
  24  2:12  Zergling x2  
  24  2:14  Zergling x2  
  28  2:19  Overlord  
  28  2:33  Spore Crawler  
  28  2:35  Drone  
  28  2:40  Drone x2  
  30  2:44  Queen  
  30  2:49  Queen  
  35  2:54  Queen  
  35  2:56  Drone x2  
  41  3:05  Drone x2  
  41  3:07  Overlord  
  41  3:08  Drone  
  41  3:11  Overlord  
  42  3:19  Overlord  
  42  3:25  Drone x3  
  42  3:26  Drone x3  
  48  3:35  Drone x2  
  48  3:40  Extractor, Drone x2  
  51  3:41  Extractor, Drone  
  51  3:42  Extractor x2  
  51  3:46  Drone x2  
  51  3:49  Drone x2  
  51  3:52  Drone x4  
  58  3:55  Drone  
  58  3:58  Drone  
  59  4:03  Drone  
  59  4:06  Drone  
  61  4:12  Drone x2  
  61  4:13  Roach Warren, Evolution Chamber  
  61  4:15  Evolution Chamber  
  60  4:17  Drone  
  60  4:20  Drone  
  60  4:21  Drone x4  
  66  4:25  Lair  
  66  4:29  Overlord  
  66  4:34  Overlord  
  66  4:39  Zerg Ground Armor Level 1  
  66  4:47  Zerg Missile Weapons Level 1  
  66  4:55  Roach x3  
  66  4:56  Roach  
  74  5:01  Roach x3  
  74  5:04  Extractor  
  74  5:06  Overlord x2  
  74  5:07  Overlord  
  79  5:08  Overlord  
  79  5:09  Overlord  
  79  5:28  Roach x11  
  101  5:36  Glial Reconstitution  
  101  5:47  Roach  
  101  5:48  Roach x5  
  111  6:08  Drone x2  
  111  6:09  Hydralisk Den, Drone  
  111  6:10  Overlord x3  
  113  6:17  Overlord  
  113  6:40  Hydralisk  
  113  6:41  Hydralisk x7  
  129  6:47  Extractor  
  128  7:08  Hydralisk  
  128  7:09  Hydralisk x7  
  144  7:19  Overlord  
  144  7:28  Drone x3, Infestation Pit  
  146  7:33  Overlord  
  146  7:34  Overlord x4  
  146  7:40  Overlord  
  144  7:47  Drone  
  144  7:48  Drone  
  142  8:02  Hatchery  
Show
View Real Time Build Order
Export as new Build Order

TheMightyOne Terran 

Build Orders: Reaper Expand, MMM Bio 

Get SALT Encoding   

  12  0:01  SCV  
  13  0:13  SCV  
  14  0:18  Supply Depot  
  14  0:25  SCV  
  15  0:40  SCV, Barracks  
  16  0:45  Refinery  
  16  0:52  SCV  
  17  1:04  SCV  
  18  1:16  SCV  
  19  1:30  Reaper  
  19  1:31  Orbital Command  
  20  1:41  Command Center  
  20  1:50  Barracks  
  20  1:56  SCV  
  21  2:07  Barracks Reactor  
  21  2:08  SCV  
  21  2:12  Supply Depot  
  21  2:15  Refinery  
  22  2:24  SCV  
  22  2:27  Factory  
  23  2:36  SCV  
  24  2:43  Barracks Tech Lab  
  24  2:48  SCV  
  24  2:50  Marine x2  
  27  2:55  Orbital Command  
  27  3:00  SCV  
  28  3:09  Marine x3, Stimpack  
  31  3:13  SCV  
  32  3:21  SCV  
  33  3:27  Factory Reactor  
  33  3:28  Marine x2, Starport  
  33  3:29  Marine  
  33  3:30  SCV  
  37  3:36  SCV  
  38  3:42  SCV  
  38  3:43  Supply Depot  
  38  3:45  Marine  
  38  3:47  Marine x2  
  42  3:48  SCV  
  42  3:54  SCV  
  44  4:00  SCV  
  45  4:05  Supply Depot  
  45  4:06  SCV  
  46  4:10  Marine x3  
  46  4:13  Medivac x2  
  46  4:14  SCV  
  54  4:26  SCV x2  
  54  4:27  Supply Depot  
  54  4:29  Engineering Bay  
  54  4:31  Marine, Barracks  
  57  4:32  Marine  
  57  4:33  Barracks  
  57  4:35  Marine  
  59  4:45  Medivac  
  61  4:48  Medivac  
  61  4:49  Marine x2  
  65  4:54  SCV  
  65  4:55  SCV  
  66  5:00  Marine, Terran Infantry Weapons Level 1  
  66  5:06  Marine, SCV  
  69  5:08  SCV  
  70  5:20  Refinery x2, Barracks Reactor x2  
  70  5:25  Command Center  
  70  5:34  Supply Depot  
  70  5:35  Supply Depot, Combat Shields  
  70  5:36  Supply Depot  
  70  5:55  Marine x3, SCV  
  74  6:03  Marine x4  
  72  6:04  SCV  
  72  6:07  Supply Depot x3  
  73  6:13  Marine x3  
  73  6:15  SCV, Medivac  
  73  6:17  Factory Tech Lab  
  79  6:21  Marine  
  80  6:28  Marine  
  80  6:29  Marine x2  
  80  6:31  Marine x3, SCV  
  87  6:37  SCV  
  88  6:46  Marine  
  88  6:47  Marine, Supply Depot x2  
  89  6:48  Supply Depot  
  90  6:55  SCV  
  90  6:57  Marine x2  
  90  6:58  Marine  
  90  6:59  Supply Depot  
  88  7:10  SCV  
  88  7:13  SCV  
  84  7:17  Marine x4  
  84  7:18  Marine, Marauder  
  84  7:22  SCV  
  92  7:34  Marine  
  92  7:35  Marine  
  80  7:45  Marine x2  
  80  7:46  Marine  
Tags
 
Add a new tag
Caveats
  • Supply blocks, unpowered buildings, or Contaminate may cause inaccurate times.
  • Supply counts are checked every 10 seconds.